 Dungeon Crawl Stone Soup version 0.18-a0-1157-g59db91b (webtiles) character file.

240 vismund the Cudgeler (level 6, -1/37 HPs)
             Began as a Gargoyle Fighter on Jan 23, 2016.
             Slain by a scorpion (4 damage)
             ... on level 4 of the Dungeon on Jan 24, 2016.
             The game lasted 00:08:41 (2345 turns).

vismund the Cudgeler (Gargoyle Fighter)             Turns: 2345, Time: 00:08:41

Health: -1/37      AC: 17    Str: 22    XL:     6   Next: 8%
Magic:  6/6        EV:  4    Int:  8    God:
Gold:   95         SH:  9    Dex:  9    Spells: 0 memorised, 5 levels left

rFire  . . .     SeeInvis .     a - +0 flail
rCold  . . .     Gourm    .     i - +0 plate armour
rNeg   + . .     Faith    .     c - +0 shield
rPois  ∞         Spirit   .     (no helmet)
rElec  +         Dismiss  .     (no cloak)
rCorr  .         Reflect  .     (no gloves)
SustAt .         Harm     .     d - +0 pair of boots
MR     .....                    (no amulet)
Stlth  ..........               (no ring)
                                (no ring)

@: not resistant to hostile enchantments, extremely unstealthy
A: negative energy resistance 1, electricity resistance, unbreathing,
petrification resistance, rot immunity, AC +4
a: no special abilities


You were on level 4 of the Dungeon.
You were not hungry.

You visited 1 branch of the dungeon, and saw 4 of its levels.

You collected 95 gold pieces.

Inventory:

Hand Weapons
 a - a +0 flail (weapon)
Armour
 b - a +0 scale mail
 c - a +0 shield (worn)
 d - a +0 pair of boots (worn)
 i - a +0 plate armour (worn)
Jewellery
 j - an uncursed amulet of magic regeneration
Wands
 g - a wand of polymorph (15/24)
Scrolls
 e - 3 scrolls of recharging
 h - 5 scrolls of identify
 l - a scroll of remove curse
Potions
 f - a potion of poison {unknown}
Comestibles
 k - a meat ration


   Skills:
 - Level 3.2 Fighting
 + Level 6.2 Maces & Flails
 - Level 3.2 Armour
 - Level 3.2 Shields


You had 5 spell levels left.
You didn't know any spells.

Dungeon Overview and Level Annotations

Branches:
Dungeon (4/15)
 Temple: D:4-7

Altars:
Makhleb
Ru


Innate Abilities, Weirdness & Mutations

You are resistant to torment.
Your stone body is resilient (AC +4).
You are immune to poison.
You resist negative energy.
You are resistant to electric shocks.
You can survive without breathing.
You are immune to petrification.
You are immune to rotting.


Message History

The scorpion completely misses you.
The scorpion stings you but does no damage.
The scorpion stings you.
* * * LOW HITPOINT WARNING * * *
The scorpion barely misses you.
The scorpion stings you but does no damage.
You block the scorpion's attack.
The scorpion stings you but does no damage.
The scorpion stings you but does no damage.
The scorpion stings you but does no damage.
The scorpion stings you but does no damage.
The scorpion stings you but does no damage.
You block the scorpion's attack.
The scorpion stings you but does no damage.
You block the scorpion's attack. The scorpion stings you.
* * * LOW HITPOINT WARNING * * *
You block the scorpion's attack. The scorpion stings you.
You die...

##### # #...# ###.
###...### .....
#.......#######
.##...##.............#
......s@.......#####.#
..#...####...### #.#
..... #...# ###.# #.##
##### #...# . #.###
#.# #.# ##.# #..#


You could see a scorpion.

Vanquished Creatures
  The ghost of leafyfresh the Magician, a weakling DEWz (D:3)
  2 orc wizards
  2 orc priests (D:3)
  3 adders (D:2)
  2 worms (D:3)
  A giant gecko (D:3)
  2 orcs (D:3)
  2 giant cockroaches
  6 hobgoblins
  9 jackals
  5 kobolds
  A quokka (D:2)
  A ball python (D:1)
  4 bats
  4 giant newts
  6 goblins
  9 rats
60 creatures vanquished.

Notes
Turn   | Place    | Note
--------------------------------------------------------------
     0 | D:1      | vismund the Gargoyle Fighter began the quest for the Orb.
     0 | D:1      | Reached XP level 1. HP: 14/14 MP: 1/1
   358 | D:1      | Reached XP level 2. HP: 19/19 MP: 2/2
   912 | D:2      | Reached XP level 3. HP: 20/23 MP: 3/3
  1344 | D:2      | Found a sacrificial altar of Ru.
  1360 | D:2      | Reached skill level 4 in Maces & Flails
  1360 | D:2      | Reached XP level 4. HP: 25/28 MP: 4/4
  1495 | D:2      | Found a burning altar of Makhleb.
  1623 | D:3      | Noticed leafyfresh's ghost (weakling DEWz)
  1636 | D:3      | Killed leafyfresh's ghost
  1636 | D:3      | Reached skill level 5 in Maces & Flails
  1636 | D:3      | Reached XP level 5. HP: 30/32 MP: 5/5
  2016 | D:3      | Reached skill level 6 in Maces & Flails
  2016 | D:3      | Reached XP level 6. HP: 12/37 MP: 6/6
  2345 | D:4      | Slain by a scorpion

Vault maps used:
D:1:      erik_arrival_triangle_medium, serial_curves, eino_curves_03,
          eino_curves_04
D:2:      nicolae_ru_great_annihilating_truth, lightli_temple_of_fire
D:3:      marbit_many_paths, ecumenical_altar_2
D:4:      first_bread

Action                   |  1- 3 |  4- 6 || total
-------------------------+-------+-------++-------
Melee: Flail             |   124 |   203 ||   327
  Use: Scroll            |     3 |     1 ||     4
       Potion            |     1 |     1 ||     2
  Eat: Beef jerky        |     1 |       ||     1
       Bread ration      |       |     1 ||     1
